 Dungeon Crawl Stone Soup version 0.28-a0-1594-ga885d4b3d6 (webtiles) character file.

Game seed: 6727480648352182900

38916 sasquatch the Impaler (level 13, -1/85 HPs)
             Began as a Demonspawn Gladiator on Jan 21, 2022.
             Was the Champion of Cheibriados.
             Killed from afar by a rime drake (22 damage)
             ... with a flash freeze
             ... on level 5 of the Lair of Beasts.
             The game lasted 00:45:05 (19659 turns).

sasquatch the Impaler (Demonspawn Gladiator)       Turns: 19659, Time: 00:45:07

Health: -1/85      AC: 12    Str: 34    XL:     13   Next: 66%
Magic:  20/20      EV: 21    Int: 24    God:    Cheibriados [******]
Gold:   1614       SH: 29    Dex: 38    Spells: 12/12 levels left

rFire   . . .      SeeInvis +   y - +4 trident (freeze)
rCold   + . .      Faith    .   e - +0 kite shield
rNeg    + . .      Spirit   .   A - +0 pearl dragon scales
rPois   .          Reflect  +   l - +0 mask of the Dragon {Will+ Slay+3 SInv}
rElec   .          Harm     .   (no cloak)
rCorr   +          Rampage  .   G - +0 pair of gloves "Dyumpec" {Str+2 Dex+5}
Will    +....                   q - +0 pair of boots
Stlth   +.........              o - amulet of reflection
HPRegen 0.24/turn               j - ring of resist corrosion
MPRegen 0.17/turn               g - ring of protection from cold

@: very slow
A: large bone plates 3, icemail 1, condensation shield, weakness stinger 1
a: Renounce Religion, Bend Time, Temporal Distortion, Slouch, Step From Time


You were on level 5 of the Lair of Beasts.
You worshipped Cheibriados.
Cheibriados was exalted by your worship.
You visited 3 branches of the dungeon, and saw 17 of its levels.
You also visited: Bailey.

You collected 2914 gold pieces.
You spent 1300 gold pieces at shops.

Inventory:

Hand Weapons
 y - a +4 trident of freezing (weapon)
 K - a +2 trident of flaming
Missiles
 a - a throwing net
 b - 39 poisoned darts
 k - 14 curare-tipped darts (quivered)
 v - 10 javelins
 z - 13 boomerangs
Armour
 e - a +0 kite shield (worn)
 l - the +0 mask of the Dragon (worn) {Will+ Slay+3 SInv}
   (You acquired it on level 2 of the Lair of Beasts)

   Slay:      It affects your accuracy & damage with ranged weapons and melee
   (+3).
   SInv:      It lets you see invisible.
   Will:      It increases your willpower.
 q - a +0 pair of boots (worn)
 A - +0 pearl dragon scales (worn)
 G - the +0 pair of gloves "Dyumpec" (worn) {Str+2 Dex+5}
   (You found it on level 3 of the Lair of Beasts)

   Str:       It affects your strength (+2).
   Dex:       It affects your dexterity (+5).
 I - a +2 tower shield
Jewellery
 f - a ring of fire
 g - a ring of protection from cold (right hand)
 j - a ring of resist corrosion (left hand)
 o - an amulet of reflection (around neck)
 V - a +6 ring of strength
Wands
 p - a wand of paralysis (11)
 D - a wand of flame (36)
 J - a wand of mindburst (29)
 M - a wand of iceblast (10)
 R - a wand of polymorph (4)
 U - a wand of acid (4)
Scrolls
 c - a scroll of immolation {unknown}
 h - 2 scrolls of torment
 i - 4 scrolls of enchant weapon
 s - a scroll of blinking
 x - 5 scrolls of teleportation
 B - a scroll of amnesia {unknown}
 H - 4 scrolls of vulnerability
 L - a scroll of magic mapping {unknown}
 N - a scroll of fear {unknown}
 P - 3 scrolls of fog
 S - a scroll of identify
 T - a scroll of silence
 W - 3 scrolls of enchant armour
Potions
 d - a potion of ambrosia
 m - 7 potions of flight
 n - 5 potions of heal wounds
 r - a potion of resistance
 t - 2 potions of might
 u - 2 potions of attraction
 w - 9 potions of curing
 C - 3 potions of brilliance
 E - 2 potions of lignification
 F - a potion of mutation
Miscellaneous
 Q - a tin of tremorstones (2/2)


   Skills:
 + Level 2.9 Fighting
 - Level 16.0 Polearms
 - Level 1.7 Throwing
 + Level 9.4 Dodging
 - Level 10.0 Shields
 + Level 10.4 Invocations


You had 12 spell levels left.
You didn't know any spells.
Your spell library contained the following spells:

 Spells                   Type           Power      Damage    Failure   Level
 Animate Skeleton         Necr           0%         N/A       58%         1
 Freeze                   Ice            0%         1d3       58%         1
 Pain                     Necr           0%         1d4       58%         1
 Shock                    Conj/Air       0%         1d3       58%         1
 Ensorcelled Hibernation  Hex/Ice        0%         N/A       75%         2
 Passwall                 Tmut/Erth      0%         N/A       75%         2
 Frozen Ramparts          Ice            0%         1d2       92%         3
 Gell's Gravitas          Tloc           0%         N/A       92%         3
 Portal Projectile        Hex/Tloc       0%         N/A       92%         3
 Summon Guardian Golem    Hex/Summ       0%         N/A       92%         3
 Swiftness                Air            0%         N/A       92%         3
 Teleport Other           Tloc           0%         N/A       92%         3
 Tukima's Dance           Hex            0%         N/A       92%         3
 Vampiric Draining        Necr           0%         2d6       92%         3
 Airstrike                Air            0%         N/A       100%        4
 Anguish                  Hex/Necr       0%         N/A       100%        4
 Hailstorm                Conj/Ice       0%         3d3       100%        4
 Passage of Golubria      Tloc           0%         N/A       100%        4
 Blade Hands              Tmut           0%         N/A       100%        5
 Excruciating Wounds      Necr           0%         N/A       100%        5
 Fireball                 Conj/Fire      0%         3d3       100%        5
 Irradiate                Conj/Tmut      0%         3d13      100%        5
 Silence                  Hex/Air        0%         N/A       100%        5
 Yara's Violent Unravell  Hex/Tmut       0%         3d3       100%        5
 Dispersal                Tloc           0%         N/A       100%        6
 Starburst                Conj/Fire      0%         6d3       100%        6
 Dragon Form              Tmut           0%         N/A       100%        7
 Enfeeble                 Hex            0%         N/A       100%        7
 Orb of Destruction       Conj           0%         9d5       100%        7
 Spellforged Servitor     Conj/Summ      0%         N/A       100%        7
 Disjunction              Tloc           0%         N/A       100%        8
 Ignition                 Fire           0%         3d3       100%        8
 Lehudib's Crystal Spear  Conj/Erth      0%         10d2      100%        8


Dungeon Overview and Level Annotations

Branches:
Dungeon (11/15)            Temple (1/1) D:4            Lair (5/6) D:10
  Swamp (0/4) Lair:2       Spider (0/4) Lair:3       Bailey (visited)
  Slime: Lair:5-6       Orc: D:9-12

Altars:
Ashenzari
Cheibriados
Dithmenos
Elyvilon
Fedhas
Gozag
Hepliaklqana
Kikubaaqudgha
Makhleb
Nemelex Xobeh
Okawaru
Qazlal
Ru
Sif Muna
Trog
Uskayaw
Vehumet
Wu Jian
Xom
Yredelemnul
Zin
The Shining One

Shops:
D:1 *   D:8 *   D:10 [

Annotations:
D:4 2 runed translucent doors
D:10 1 exclusion
D:11 exclusions: 3 doors and 1 more exclusion
Lair:4 exclusion: oklob plant


Innate Abilities, Weirdness & Mutations

You are completely covered in large bone plates. (SH +8)
A meltable icy envelope protects you from harm. (AC +0)
A meltable shield of frost defends you. (SH +0)
You have a small tail.


Message History

The steam dragon is almost dead.
A nearby plant withers and dies.
You block the steam dragon's attack.
The steam dragon claws you but does no damage.
You block the rime drake's attack. You block the steam dragon's attack. x2
The rime drake is engulfed in a cloud of scalding steam.
The rime drake misses you.
You hit the steam dragon but do no damage.
You tail-slap the steam dragon.
You kill the steam dragon!
Cheibriados appreciates the change of pace.
The steam dragon breathes steam at you.
The ball of steam hits the steam dragon.
The steam dragon resists.
The ball of steam hits you! The steam dragon breathes steam at you.
The ball of steam hits you!
* * * LOW HITPOINT WARNING * * *
You hear an angry hiss. x2
Unknown command.
The rime drake is engulfed in a cloud of scalding steam.
The steam dragon breathes steam at you. The ball of steam misses you.
The rime drake is engulfed in a cloud of scalding steam.
You block the rime drake's attack.
The rime drake is engulfed in a cloud of scalding steam.
You block the rime drake's attack.
The rime drake is engulfed in a cloud of scalding steam.
The rime drake bites you.
* * * LOW HITPOINT WARNING * * *
The rime drake is engulfed in a cloud of scalding steam.
The rime drake bites you but does no damage.
You block the steam dragon's attack. x2
You hear an angry hiss. x3
You hit the rime drake.
The rime drake is severely wounded.
You are engulfed in a cloud of scalding steam.
The ice encasing you melts away.
The rime drake is engulfed in a cloud of scalding steam.
The rime drake breathes ice at you. The flash freeze hits you!!
You partially resist.
You die...

#≈≈≈≈≈♣≈ ## ♣PP≈≈§♣#####
#.# ♣P≈≈§§§##..##
.##..#♣....§§#....# #
..........§.......#######
.................#..#P..#
...............≈........†
....§§§kk§...P≈#........†
...§..†D@....≈≈..##......
..§D§§.D..§..≈≈≈..#......
...........§§≈........#..
.......(..........#..####
#§.#.......#....#...P..#
##≈#..................##
≈ #PP..................
###............P....P.
P#P##..#.......


You could see 2 rime drakes and 3 steam dragons.

Vanquished Creatures
  5 hydras
  A boulder beetle (D:9)
  3 two-headed ogres
  Urug (Lair:5)
  2 tengu warriors (D:10)
  The ghost of enile the Skirmisher, a novice FoWn of Vehumet (D:10)
  3 orc knights
  2 ugly things (D:10)
  2 manticores (D:10)
  3 cyclopes
  10 elephants
  2 black mambas
  2 cane toads
  An unseen horror (D:10)
  2 gargoyles
  Maggie (D:7)
  A kobold demonologist (D:10)
  5 komodo dragons
  A freezing wraith (D:10)
  3 rime drakes
  A tengu conjurer (D:10)
  4 trolls
  Prince Ribbit (D:5)
  4 dream sheep (Lair:5)
  A jumping spider (shapeshifter) (D:10)
  2 culicivoras (Lair:3)
  A wraith (D:10)
  A vampire (D:10)
  38 yaks
  8 wyverns
  A basilisk (Lair:2)
  4 steam dragons
  5 vampire mosquitoes
  Menkaure (D:7)
  3 acid dragons
  14 water moccasins
  12 orc warriors
  An ice beast (D:6)
  A sky beast (D:7)
  2 black bears
  5 ogres
  2 necrophages (D:7)
  2 hornet zombies
  7 wolves
  6 centaurs
  3 kobold brigands
  13 bullfrogs
  3 scorpions
  A water moccasin skeleton (D:2)
  7 killer bees
  3 wights (D:7)
  3 howler monkeys
  2 electric eels (Lair:5)
  7 centaur zombies
  4 crimson imps (D:3)
  4 orc priests
  A jelly (D:7)
  7 orc wizards
  Natasha (twice) (D:4)
  An iguana (D:4)
  2 killer bee zombies
  Robin (D:2)
  6 gnolls
  4 howler monkey zombies
  11 adders
  A howler monkey skeleton (D:6)
  5 river rats (D:6)
  A shadow imp (D:7)
  A white imp (D:6)
  2 ufetubi (D:5)
  3 dart slugs
  5 worms
  19 orcs
  6 bats
  5 endoplasms
  A giant cockroach (D:1)
  7 hobgoblins
  2 jackals (D:4)
  17 kobolds
  3 quokkas
  12 ball pythons
  18 goblins
  9 rats
  A spectral goblin (D:1)
381 creatures vanquished.

Vanquished Creatures (others)
  12 fungi
  18 plants
  2 withered plants (D:10)
32 creatures vanquished.

Grand Total: 413 creatures vanquished

Notes
Turn   | Place    | Note
-------+----------+-------------------------------------------
     0 | D:1      | sasquatch the Demonspawn Gladiator began the quest for the
                  | Orb.
     0 | D:1      | Reached XP level 1. HP: 16/16 MP: 1/1
    77 | D:1      | Reached skill level 3 in Polearms
   186 | D:1      | Gained mutation: A meltable shield of frost defends you.
                  | (SH +0) [demonic ancestry]
   186 | D:1      | Reached XP level 2. HP: 19/22 MP: 2/2
   331 | D:1      | Found Liyrchok's General Store.
   356 | D:1      | Found a faded altar of an unknown god.
  1303 | D:2      | Gained mutation: You are partially covered in large bone
                  | plates. (SH +4) [demonic ancestry]
  1303 | D:2      | Reached XP level 3. HP: 27/27 MP: 3/3
  1449 | D:2      | Reached skill level 4 in Polearms
  1854 | D:2      | Noticed Robin
  1868 | D:2      | Killed Robin
  1869 | D:2      | Reached XP level 4. HP: 26/33 MP: 4/4
  2078 | D:2      | Reached skill level 5 in Polearms
  2078 | D:2      | Gained mutation: You are mostly covered in large bone
                  | plates. (SH +6) [demonic ancestry]
  2078 | D:2      | Reached XP level 5. HP: 35/38 MP: 5/5
  3091 | D:3      | Found a shimmering altar of Xom.
  3155 | D:3      | Reached skill level 6 in Polearms
  3155 | D:3      | Reached XP level 6. HP: 14/44 MP: 1/6
  3582 | D:3      | Found a blossoming altar of Fedhas.
  3625 | D:3      | Found a stormy altar of Qazlal.
  3825 | D:4      | Reached skill level 7 in Polearms
  4050 | D:4      | Found a large runed translucent door.
  4050 | D:4      | Found a large runed translucent door.
  4051 | D:4      | Found a shimmering altar of Xom.
  4079 | D:4      | Noticed Natasha
  4083 | D:4      | Killed Natasha
  4112 | D:4      | Reached XP level 7. HP: 47/50 MP: 7/7
  4464 | D:4      | Noticed Natasha
  4478 | D:4      | Killed Natasha
  4479 | D:4      | Reached skill level 8 in Polearms
  4479 | D:4      | Reached skill level 1 in Shields
  4649 | D:4      | Found a staircase to the Ecumenical Temple.
  4655 | Temple   | Entered the Ecumenical Temple
  4794 | Temple   | Became a worshipper of Cheibriados the Contemplative
  4860 | D:5      | Entered Level 5 of the Dungeon
  5070 | D:5      | Identified the +1 leather armour of the Gusle {Will+ Str+5}
  5668 | D:5      | Gained mutation: You are completely covered in large bone
                  | plates. (SH +8) [demonic ancestry]
  5668 | D:5      | Reached XP level 8. HP: 35/56 MP: 8/8
  5839 | D:5      | Noticed Prince Ribbit
  5870 | D:5      | Killed Prince Ribbit
  6083 | D:6      | Reached * piety under Cheibriados
  6086 | D:6      | Reached skill level 9 in Polearms
  7518 | D:7      | Reached skill level 10 in Polearms
  7566 | D:7      | Gained mutation: A meltable icy envelope protects you from
                  | harm. (AC +0) [demonic ancestry]
  7566 | D:7      | Reached XP level 9. HP: 50/61 MP: 9/9
  7599 | D:7      | Reached ** piety under Cheibriados
  7749 | D:7      | Found a flagged portal.
  7791 | Bailey   | Entered a bailey
  7797 | Bailey   | Noticed an orc knight
  7916 | Bailey   | Reached skill level 5 in Shields
  8045 | Bailey   | Reached skill level 11 in Polearms
  8124 | Bailey   | Killed an orc knight
  8136 | Bailey   | Reached *** piety under Cheibriados
  8770 | D:7      | Noticed Maggie
  8787 | D:7      | Killed Maggie
  8788 | D:7      | Gained mutation: You have a small tail. [demonic ancestry]
  8788 | D:7      | Reached XP level 10. HP: 67/67 MP: 10/10
  8877 | D:7      | Noticed Menkaure
  8880 | D:7      | Killed Menkaure
  8881 | D:7      | Reached skill level 12 in Polearms
  9443 | D:8      | Found Xiunwoff's Elemental Accessories.
  9445 | D:8      | You fall into a shaft and drop 3 floors!
  9574 | D:11     | Noticed a two-headed ogre
  9630 | D:11     | Noticed a gargoyle
  9638 | D:11     | Killed a gargoyle
  9746 | D:10     | Entered Level 10 of the Dungeon
  9769 | D:10     | Noticed a manticore
  9922 | D:10     | Found Zeus's Dragon-Slaying Spoils.
  9930 | D:10     | Bought +0 pearl dragon scales for 1300 gold pieces
  9994 | D:10     | Noticed an orange demon
 10006 | D:10     | Reached skill level 13 in Polearms
 10237 | D:10     | Reached **** piety under Cheibriados
 10430 | D:10     | Found a staircase to the Lair.
 10558 | D:10     | Noticed an orc knight
 10558 | D:10     | Noticed an orc knight
 10804 | D:10     | Reached XP level 11. HP: 67/72 MP: 11/11
 10940 | D:10     | Killed an orc knight
 11175 | D:10     | Found a runed translucent door.
 11175 | D:10     | Noticed enile's ghost (novice FoWn)
 11276 | D:10     | Noticed a two-headed ogre
 11364 | D:9      | Reached skill level 14 in Polearms
 11688 | D:9      | Reached ***** piety under Cheibriados
 12828 | D:9      | Found an opulent altar of Gozag.
 13053 | D:9      | Noticed a two-headed ogre
 13064 | D:9      | Killed a two-headed ogre
 13135 | D:9      | Reached skill level 15 in Polearms
 13309 | D:9      | Noticed a boulder beetle
 13327 | D:9      | Killed a boulder beetle
 13392 | D:9      | Reached XP level 12. HP: 74/78 MP: 12/12
 13624 | D:10     | Reached ****** piety under Cheibriados
 13731 | D:10     | Noticed a two-headed ogre
 13742 | D:10     | Killed a two-headed ogre
 13858 | D:10     | Noticed a tengu warrior
 13887 | D:10     | Noticed a four-headed hydra
 13889 | D:10     | Noticed a tengu warrior
 13895 | D:10     | Reached skill level 10 in Shields
 13899 | D:10     | Killed a four-headed hydra
 13900 | D:10     | Reached skill level 16 in Polearms
 13903 | D:10     | Reached skill level 1 in Invocations
 13909 | D:10     | Killed a tengu warrior
 13917 | D:10     | Killed a tengu warrior
 14255 | D:10     | Paralysed by an orc knight for 5 turns
 14266 | D:10     | Paralysed by an orc knight for 4 turns
 14277 | D:10     | Reached skill level 5 in Invocations
 14635 | D:10     | Killed a two-headed ogre
 14762 | D:10     | Killed enile's ghost
 14763 | D:10     | Reached skill level 5 in Dodging
 14876 | Lair:1   | Entered Level 1 of the Lair of Beasts
 14900 | Lair:1   | Noticed a five-headed hydra
 14914 | Lair:1   | Killed a five-headed hydra
 15304 | Lair:1   | Noticed a five-headed hydra
 15316 | Lair:1   | Killed a five-headed hydra
 16126 | Lair:2   | Identified a scroll of acquirement
 16126 | Lair:2   | Acquired the +0 mask of the Dragon {Will+ Slay+3 SInv}
 16126 | Lair:2   | Found the +0 mask of the Dragon {Will+ Slay+3 SInv}
 16151 | Lair:2   | Noticed an eight-headed hydra
 16152 | Lair:2   | Found a staircase to the Swamp.
 16166 | Lair:2   | Killed an eight-headed hydra
 16322 | Lair:2   | Noticed a seven-headed hydra
 16332 | Lair:2   | Killed a seven-headed hydra
 16333 | Lair:2   | Reached XP level 13. HP: 82/83 MP: 17/19
 16393 | Lair:2   | You fall into a shaft and drop 1 floor!
 17628 | Lair:3   | Found a hole to the Spider Nest.
 17680 | Lair:3   | Identified the +0 pair of gloves "Dyumpec" {Str+2 Dex+5}
 18205 | Lair:3   | Reached skill level 10 in Invocations
 18995 | Lair:4   | Found a shadowy altar of Dithmenos.
 19432 | Lair:5   | Noticed Urug
 19442 | Lair:5   | Killed Urug
 19659 | Lair:5   | Killed from afar by a rime drake

Illustrated notes

Levels and vault maps discovered:
D:1:      minmay_arrival_widening_spiral_wide, layout_basic,
          dreamdust_ecumenical_altar_drowned_temple, serial_shops,
          nicolae_shop_window_shopping, minmay_misc_feat_x,
          minmay_misc_feat_square, serial_bayou_pond_d
D:2:      layout_basic, hex_tiny, uniq_jessica, uniq_robin
D:3:      layout_basic, grunt_temple_overflow_forces_of_nature, led_xom_imps
D:4:      due_chaos_kobolds, layout_loops_cross,
          minmay_temple_entry_enclosed_plants, minmay_misc_feat_pillars,
          uniq_natasha
D:5:      layout_rooms, serial_co_window_serial, co_window_of_opportunity_a,
          co_window_of_opportunity_a, co_window_paths_a, co_window_paths_b,
          co_window_corner_a, co_window_corner_ca, co_window_of_opportunity_b,
          co_window_broadway_a, co_window_broadway_b, co_window_sun,
          glass_columns_a, glass_columns_b, glass_columns_a, glass_columns_a,
          uniq_prince_ribbit1
D:6:      layout_rooms, lightli_sewer_entry_pipes, serial_curves,
          eino_curves_04, eino_curves_01, eino_curves_04, eino_curves_04,
          amethyst_killhole
D:7:      layout_basic, enter_bailey_5, chequers_serial_rivers_micro_b,
          nzn_random_ring, uniq_menkaure, uniq_maggie
D:8:      layout_basic, grunt_ogre_cave, nicolae_elemental_shop
D:9:      minmay_the_grid_net [minmay_the_grid_minigrid_large,
          minmay_the_grid_small_cups, minmay_the_grid_box_x,
          minmay_the_grid_square_x, minmay_the_grid_plusring,
          minmay_the_grid_prize_big_room], layout_cave_pools,
          nicolae_gozag_cash_rules_everything_around_me
D:10:     kennysheep_blocky_room, layout_basic, lair_entry_dummy,
          gammafunk_ghost_grave, minmay_misc_feat_four_crosses,
          nicolae_shop_dragon_depot, minivault_28
D:11:     layout_basic, grunt_ministairs_2
Temple:   mainiacjoe_temple_coin_purse
Lair:1:   layout_layer_cave, lemuel_fruit_tree
Lair:2:   layout_cave_pods, swamp_mist_pool, gauntlet_entry_generic,
          minmay_holes, grunt_megastairs_4, serial_bayou_shore_b
Lair:3:   layout_roguey, hellmonk_spider_entry_life_and_decay
Lair:4:   layout_roguey, lemuel_oklob_altar
Lair:5:   layout_gridlike, chequers_serial_rivers_small_a, serial_bayou_pond_a,
          bobbens_dragon_lair_wall, serial_bayou_shore_b, uniq_urug

Skill      XL: |  1  2  3  4  5  6  7  8  9 10 11 12 13 |
---------------+----------------------------------------+-----
Polearms       | 3 4 5 6 7 8 10 11 13 15 16 | 16.0
Shields        | 2 4 6 7 9 10 | 10.0
Dodging        | 6 9 |  9.4
Invocations    | 8 10 | 10.4
Fighting       | |  2.9
Throwing       | |  1.7

Action                   |  1- 3 |  4- 6 |  7- 9 | 10-12 | 13-15 || total
-------------------------+-------+-------+-------+-------+-------++-------
Melee: Trident           |   120 |   178 |   480 |   771 |   325 ||  1874
       Punch             |       |     1 |       |       |       ||     1
       Tailslap          |       |       |       |   145 |    83 ||   228
Throw: Throwing net      |       |     5 |     1 |       |       ||     6
       Dart              |       |       |    10 |    10 |       ||    20
Invok: Bend Time         |       |       |       |     1 |       ||     1
Evoke: Wand              |       |       |    10 |     2 |       ||    12
  Use: Scroll            |       |     1 |    11 |    11 |     3 ||    26
       Potion            |       |     1 |       |     1 |       ||     2
 Stab: Sleeping          |     1 |       |       |     8 |     3 ||    12
       Held in net/web   |       |     1 |       |       |       ||     1
       Paralysed         |       |       |    23 |       |       ||    23
       Distracted        |       |       |     1 |       |       ||     1
Armor: Leather armour    |    23 |     1 |    23 |     3 |       ||    50
       Ring mail         |       |    20 |    14 |       |       ||    34
       Pearl dragon scal |       |       |       |   104 |    34 ||   138
Dodge: Dodged            |    66 |    51 |    58 |   101 |    75 ||   351
Block: Other             |    23 |    65 |       |       |       ||    88
       Kite shield       |       |       |   469 |   818 |   378 ||  1665
       Reflection        |       |       |    32 |    20 |     1 ||    53

Table legend: (Time is in decaauts)
 A = Elapsed time spent in this place.
 B = Non-inter-level travel time spent in this place.
 C = Inter-level travel time spent in this place.
 D = Time resting spent in this place.
 E = Time spent auto-exploring this place.
 F = Levels seen in this place.
 G = Mean time per level.
                   A        B        C        D        E       F      G
               +--------+--------+--------+--------+--------+-----+--------+
         Total |  26460 |  25186 |   1274 |   1487 |  19341 |  18 | 1470.0 |
       Dungeon |  17411 |  16406 |   1005 |   1184 |  12094 |  11 | 1582.8 |
        Temple |    156 |    119 |     37 |      0 |    102 |   1 |  156.0 |
          Lair |   7944 |   7712 |    232 |    202 |   6730 |   5 | 1588.8 |
        Bailey |    949 |    949 |      0 |    101 |    413 |   1 |  949.0 |
               +--------+--------+--------+--------+--------+-----+--------+

Top non-repeatable levels by time:
    D:10: 3841 daAuts
  Lair:2: 2123 daAuts
  Lair:1: 2085 daAuts
     D:8: 1898 daAuts
  Lair:4: 1840 daAuts
     D:7: 1750 daAuts
     D:9: 1655 daAuts
     D:6: 1638 daAuts
     D:2: 1584 daAuts
  Lair:3: 1505 daAuts
     D:5: 1412 daAuts
     D:1: 1255 daAuts
     D:4: 1059 daAuts
  Bailey: 949 daAuts
     D:3: 859 daAuts
